 Dungeon Crawl Stone Soup version 0.30-a0-368-g86fb4627a9 (webtiles) character file.

Game seed: 15042079106382511137

742844 Bnni the Grim Reaper (level 27, -15/235 HPs)
             Began as a Formicid Fighter on Nov 18, 2022.
             Was a Priest of Yredelemnul.
             Killed from afar by an orb of fire (92 damage)
             ... with a fireball
             ... on level 5 of the Realm of Zot on Nov 19, 2022.
             The game lasted 04:53:43 (71811 turns).

Bnni the Grim Reaper (Formicid Fighter)            Turns: 71811, Time: 04:53:44

Health: -15/235    AC: 54    Str: 24    XL:     27
Magic:  15/40      EV: 11    Int: 15    God:    Yredelemnul [***...]
Gold:   7014       SH: 27    Dex: 19    Spells: 3/50 levels left

rFire   . . .      SeeInvis +    c - +18 lance "Wyrmbane" {slay drac, rPois rF+ rC+ AC+3}
rCold   + + +      Faith    +    J - +1 tower shield of Mutualism {rN++}
rNeg    + + +      Spirit   .    A - +12 crystal plate armour {rC+}
rPois   +          Reflect  .    (helmet unavailable)
rElec   +          Harm     .    h - +1 cloak of Veoz {rC+ Int+2}
rCorr   .          Rampage  .    I - +1 pair of gloves "Meuhemui" {rElec rC+ Dex-3}
Will    +++..                    L - +2 pair of boots of Autumn {Contam Regen+ Int-4 Dex+7}
Stlth   ..........               g - amulet of faith
HPRegen 1.39/turn                P - +4 ring of slaying
MPRegen 0.27/turn                H - ring of Atweng Nidgh {Fly rN++ Dex+4 Slay+5}

@: mighty, wereblooded, flying, studying Long Blades, unable to drink
A: permanent stasis, dig shafts and tunnels, antennae 3, four strong arms,
clumsy 1, deterioration 1, strong-willed 1, weak 1, heat vulnerability 1,
inability to drink after injury 1, devolution 1
}: 5/15 runes: decaying, serpentine, slimy, silver, abyssal
a: Dig, Shaft Self, Renounce Religion, Recall Undead Harvest, Dark Bargain


You were on level 5 of the Realm of Zot.
You worshipped Yredelemnul.
Yredelemnul was exalted by your worship.
You visited 12 branches of the dungeon, and saw 56 of its levels.
You visited the Abyss 1 time.
You also visited: Gauntlet and Ice Cave.

You collected 9737 gold pieces.
You spent 2723 gold pieces at shops.

Inventory:

Hand Weapons
 c - the +18 lance "Wyrmbane" (weapon) {slay drac, rPois rF+ rC+ AC+3}
   (You took it off Maggie on level 8 of the Dungeon)

   It inflicts extra damage against dragons and draconians.
   AC:        It affects your AC (+3).
   rF:        It protects you from fire.
   rC:        It protects you from cold.
   rPois:     It protects you from poison.
Missiles
 e - 8 boomerangs of dispersal
 f - 6 javelins (quivered)
 R - 6 throwing nets
 Y - 6 silver javelins
Armour
 h - the +1 cloak of Veoz (worn) {rC+ Int+2}
   (You acquired it on level 5 of the Vaults)

   Int:       It affects your intelligence (+2).
   rC:        It protects you from cold.
 A - a +12 crystal plate armour of cold resistance (worn)
 I - the +1 pair of gloves "Meuhemui" (worn) {rElec rC+ Dex-3}
   (You found it on level 1 of the Elven Halls)

   Dex:       It affects your dexterity (-3).
   rC:        It protects you from cold.
   rElec:     It insulates you from electricity.
 J - the +1 tower shield of Mutualism (worn) {rN++}
   (You acquired it on level 15 of the Dungeon)

   rN:        It greatly protects you from negative energy.
 L - the +2 pair of boots of Autumn (worn) {Contam Regen+ Int-4 Dex+7}
   (You found it in a Gauntlet)

   Int:       It affects your intelligence (-4).
   Dex:       It affects your dexterity (+7).
   Contam:    It causes magical contamination when unequipped.
   Regen:     It increases your rate of health regeneration.
Jewellery
 b - a ring of the Octopus King {rCorr HP+2 AC+2 EV+2 SH+2}
   (You found it on level 3 of the Realm of Zot)

   [ring of resist corrosion]

   AC:        It affects your AC (+2).
   EV:        It affects your evasion (+2).
   HP:        It affects your health (+2).
   rCorr:     It protects you from acid and corrosion.
   SH:        It affects your SH (+2).
 g - an amulet of faith (around neck)
 l - a ring of protection from fire
 D - the amulet "Umyakhun" {Regen+ Int+3}
   (You found it on level 3 of the Elven Halls)

   [amulet of regeneration]

   Int:       It affects your intelligence (+3).
   Regen:     It increases your rate of health regeneration.
 H - the ring of Atweng Nidgh (right hand) {Fly rN++ Dex+4 Slay+5}
   (You took it off a vampire mage on level 2 of the Depths)

   [ring of flight]

   Dex:       It affects your dexterity (+4).
   Slay:      It affects your accuracy & damage with ranged weapons and melee
   (+5).
   rN:        It greatly protects you from negative energy.
   Fly:       It grants you flight.
 P - a +4 ring of slaying (left hand)
 T - the ring of Levity {+Blink rC+ Str+4 Int+6 Dex+4}
   (You took it off a deep elf sorcerer on level 3 of the Elven Halls)

   [ring of intelligence]

   Str:       It affects your strength (+4).
   Int:       It affects your intelligence (+6).
   Dex:       It affects your dexterity (+4).
   rC:        It protects you from cold.
   +Blink:    It lets you blink.
Wands
 j - a wand of mindburst (16)
 C - a wand of quicksilver (27)
 F - a wand of iceblast (34)
 G - a wand of digging (26)
Scrolls
 i - 4 scrolls of brand weapon
 k - 6 scrolls of enchant weapon
 p - 13 scrolls of magic mapping
 q - a scroll of enchant armour
 t - 9 scrolls of immolation
 u - 6 scrolls of silence
 y - 6 scrolls of butterflies
 B - 9 scrolls of vulnerability
 O - 8 scrolls of fear
 X - 12 scrolls of amnesia
Potions
 a - 9 potions of lignification
 d - 17 potions of might
 m - 13 potions of heal wounds
 n - 8 potions of ambrosia
 o - 9 potions of mutation
 r - 31 potions of curing
 w - 6 potions of invisibility
 x - 7 potions of cancellation
 K - 6 potions of magic
 M - 3 potions of resistance
 W - 8 potions of attraction
Miscellaneous
 z - a phial of floods
 U - a phantom mirror


   Skills:
 + Level 23.2 Fighting
 + Level 13.8 Polearms
 + Level 23.9 Armour
 - Level 10.0 Dodging
 O Level 27 Shields
 + Level 12.0 Spellcasting
 - Level 6.0 Hexes
 * Level 12.1 Necromancy
 - Level 14.0 Translocations
 + Level 12.5 Transmutations
 - Level 5.0 Air Magic
 - Level 8.0 Poison Magic
 O Level 27 Invocations


You had 3 spell levels left.
You knew the following spells:

 Your Spells              Type           Power      Damage    Failure   Level
a - Apportation           Tloc           100%       N/A       1%          1
b - Wereblood             Tmut           46%        N/A       1%          2
c - Ignite Poison         Fire/Tmut/Pois 29%        N/A       16%         3
d - Vhi's Electric Charg  Tloc/Air       74%        N/A       4%          3
e - Passage of Golubria   Tloc           50%        N/A       2%          4
f - Manifold Assault      Tloc           50%        N/A       2%          4
g - Eringya's Noxious Bo  Tmut/Pois      19%        N/A       88%         6
h - Anguish               Hex/Necr       18%        N/A       21%         4
i - Lesser Beckoning      Tloc           100%       N/A       1%          3
j - Death's Door          Necr           22%        N/A       100%        9
k - Necromutation         Tmut/Necr      22%        N/A       100%        8

Your spell library contained the following spells:

 Spells                   Type           Power      Damage    Failure   Level
 Necrotise                Necr           100%       1d9       1%          1
 Sting                    Tmut/Pois      100%       1d8       1%          1
 Sublimation of Blood     Necr           45%        N/A       1%          2
 Gell's Gravitas          Tloc           50%        N/A       1%          3
 Teleport Other           Tloc           50%        N/A       1%          3
 Spider Form              Tmut/Pois      39%        N/A       3%          3
 Cigotuvi's Dreadful Rot  Necr/Pois/Air  68%        N/A       4%          2
 Portal Projectile        Hex/Tloc       78%        N/A       4%          3
 Kiss of Death            Conj/Necr      100%       2d13      7%          1
 Momentum Strike          Conj/Tloc      60%        3d9       7%          2
 Passwall                 Tmut/Erth      22%        N/A       10%         2
 Confusing Touch          Hex            27%        N/A       22%         3
 Tukima's Dance           Hex            27%        N/A       22%         3
 Ensorcelled Hibernation  Hex/Ice        36%        N/A       36%         2
 Static Discharge         Conj/Air       32%        2-4/arc   41%         2
 Mephitic Cloud           Conj/Pois/Air  21%        N/A       41%         3
 Dazzling Flash           Conj/Hex       36%        N/A       58%         3
 Freeze                   Ice            36%        1d5       63%         1
 Magic Dart               Conj           36%        1d4       63%         1
 Sandblast                Erth           18%        2d7       63%         1
 Summon Small Mammal      Summ           36%        N/A       63%         1
 Call Imp                 Summ           9%         N/A       77%         2
 Scorch                   Fire           18%        2d5       77%         2
 Searing Ray              Conj           18%        2d5       77%         2
 Frozen Ramparts          Ice            18%        1d3       94%         3
 Hailstorm                Conj/Ice       9%         3d4       94%         3
 Stone Arrow              Conj/Erth      18%        3d8       94%         3
 Dispel Undead            Necr           45%        3d17      6%          4
 Blade Hands              Tmut           23%        N/A       14%         5
 Agony                    Necr           45%        N/A       16%         5
 Olgreb's Toxic Radiance  Pois           33%        N/A       30%         4
 Alistair's Intoxication  Tmut/Pois      26%        N/A       34%         5
 Dispersal                Tloc           25%        N/A       38%         6
 Iskenderun's Mystic Bla  Conj/Tloc      30%        2d8       43%         4
 Yara's Violent Unravell  Hex/Tmut       18%        3d9       45%         5
 Ice Form                 Ice/Tmut       27%        N/A       54%         4
 Airstrike                Air            12%        2d(2-18)  71%         4
 Summon Forest            Summ/Tloc      15%        N/A       78%         5
 Irradiate                Conj/Tmut      13%        3d16      87%         5
 Borgnjor's Vile Clutch   Necr/Erth      13%        N/A       89%         5
 Leda's Liquefaction      Hex/Erth       9%         N/A       94%         4
 Silence                  Hex/Air        12%        N/A       94%         5
 Summon Lightning Spire   Summ/Air       16%        N/A       96%         4
 Dragon Form              Tmut           23%        N/A       99%         7
 Animate Armour           Summ/Erth      18%        N/A       100%        4
 Flame Wave               Conj/Fire      9%         2d6       100%        4
 Summon Ice Beast         Ice/Summ       9%         N/A       100%        4
 Arcjolt                  Conj/Air       8%         1d18      100%        5
 Fireball                 Conj/Fire      4%         3d4       100%        5
 Freezing Cloud           Conj/Ice/Air   6%         6-21      100%        5
 Iskenderun's Battlesphe  Conj           9%         2d6       100%        5
 Lee's Rapid Deconstruct  Erth           4%         3d5*      100%        5
 Lightning Bolt           Conj/Air       8%         1d20      100%        5
 Summon Mana Viper        Hex/Summ       18%        N/A       100%        5
 Conjure Ball Lightning   Conj/Air       8%         3x3d6     100%        6
 Iron Shot                Conj/Erth      4%         9d2       100%        6
 Starburst                Conj/Fire      4%         6d4       100%        6
 Statue Form              Tmut/Erth      18%        N/A       100%        6
 Summon Cactus Giant      Summ           4%         N/A       100%        6
 Enfeeble                 Hex            13%        N/A       100%        7
 Haunt                    Necr/Summ      13%        N/A       100%        7
 Orb of Destruction       Conj           4%         9d5       100%        7
 Ozocubu's Refrigeration  Ice            4%         4d8       100%        7
 Spellforged Servitor     Conj/Summ      4%         N/A       100%        7
 Storm Form               Tmut/Air       17%        N/A       100%        7
 Summon Hydra             Summ           4%         N/A       100%        7
 Borgnjor's Revivificati  Necr           22%        N/A       100%        8
 Disjunction              Tloc           25%        N/A       100%        8
 Ignition                 Fire           4%         3d4       100%        8
 Infestation              Necr           22%        N/A       100%        8
 Lehudib's Crystal Spear  Conj/Erth      4%         10d3      100%        8
 Maxwell's Capacitive Co  Air            12%        ∞         100%        8
 Chain Lightning          Conj/Air       8%         3d10      100%        9
 Blink                    Tloc           Unusable   N/A       N/A         2
 Swiftness                Air            Unusable   N/A       N/A         3
 Animate Dead             Necr           Unusable   N/A       N/A         4
 Death Channel            Necr           Unusable   N/A       N/A         6

Dungeon Overview and Level Annotations

Branches:
Dungeon (15/15)            Temple (1/1) D:4            Lair (5/5) D:8
  Swamp (4/4) Lair:3        Snake (4/4) Lair:3        Slime (5/5) Lair:4
    Orc (2/2) D:11            Elf (3/3) Orc:2        Vaults (5/5) D:13
  Crypt (3/3) Vaults:3       Tomb (0/3) Crypt:3      Depths (4/4) D:15
    Zot (5/5) Depths:4      IceCv (visited)         Gauntlet (visited)

Altars:
Cheibriados
Elyvilon
Gozag
Kikubaaqudgha
Nemelex Xobeh
Qazlal
Ru
Trog
Wu Jian
Xom
Yredelemnul
Zin
The Shining One
Jiyva

Shops:
Orc:2 :([*   Elf:3 (   Snake:1 ::=:   Snake:3 *   Snake:4 !(?=   Vaults:1 :
Vaults:2 =   Vaults:4 !

Portals:
Hell: Depths:1 Depths:2 Depths:3 Depths:4
Abyss: Depths:2 Depths:3
Pandemonium: Depths:2 Depths:4
Ziggurat: Depths:4
Trove: Depths:1 (give +3 ice dragon scales)


Innate Abilities, Weirdness & Mutations

You cannot be hasted, slowed, berserked, paralysed or teleported.
You can dig through walls and to a lower floor.
You have a pair of large antennae on your head. (SInv)
Your four strong arms can wield two-handed weapons with a shield.
You are clumsy. (Dex -2)
Your body sometimes deteriorates upon taking damage.
You are strong-willed. (Will+)
You are weak. (Str -2)
You are vulnerable to heat. (rF-)
You occasionally lose the ability to drink potions when taking damage.
You have hidden genetic defects.


Message History

Unknown command.
You puncture the orb of fire!
The orb of fire is heavily damaged.
Unknown command.
You impale the orb of fire!!
The orb of fire is severely damaged.
Your Orb Guardian zombie hits the obsidian statue!!
The orb of fire glows red.
Strange energies course through your body.
You feel a hidden malignance growing inside you.
Your Orb Guardian zombie hits the obsidian statue but does no damage.
The obsidian statue's eyes glow briefly.
The obsidian statue attempts to bespell you!
You resist with almost no effort.
The ynoxinul gestures.
You barely miss the orb of fire.
The orb of fire is severely damaged.
The orb of fire glows deep purple.
The bolt of fire hits you!
Your Orb Guardian zombie hits the obsidian statue.
Unknown command.
You hit the orb of fire but do no damage.
The orb of fire is severely damaged.
You howl as the wereblood boils in your veins!
Your Orb Guardian zombie hits the obsidian statue!!
The obsidian statue is destroyed!
The ynoxinul disappears in a puff of smoke!
The ufetubus disappears in a puff of smoke! x2
The ynoxinul disappears in a puff of smoke!
The white imp disappears in a puff of smoke!
You completely miss the orb of fire.
The orb of fire is severely damaged.
Unknown command.
You puncture the orb of fire!
The orb of fire is severely damaged.
The orb of fire glows deep purple.
The fireball explodes!
The fireball engulfs you!!!!
You feel threatened and lose the ability to drink potions!
You die...
Your body rises from the dead as a mindless zombie.

....... ....... ....)..
....§§§ .....§▓
#▓▓▓▓▓▓▓▓▓▓▓##..Z§.▓▓
###...........)*..Z..^#
##.Z{.##........@.......
#.{Z###................^
..Z###^...............^.
..## #...............)..
..# #....^.............
.## #.....^............
.# #...............^..
.## #..................
..# ##................


You could see an orb of fire (ally target) and 2 friendly Orb Guardian zombies.

Vanquished Creatures
  5 dread liches
  4 ancient liches
  An orb of fire (Zot:5)
  Josephina (Zot:3)
  The ghost of Peona the Conqueror, a veteran MiGl of Okawaru (Vaults:4)
  The ghost of Iryommi the Sniper, a legendary KoDe of Makhleb (Zot:4)
  Vv (Depths:2)
  A Killer Klown (Zot:5)
  Saint Roka (Depths:3)
  Bai Suzhen (Swamp:3)
  Xtahua (Vaults:4)
  A curse toe (Zot:4)
  9 golden dragons
  A bone dragon (Abyss:2)
  4 electric golems
  Zenata (Crypt:1)
  13 tentacled monstrosities
  3 titans
  6 Orb Guardians (Zot:5)
  6 liches
  4 deep elf blademasters
  5 quicksilver dragons
  A deep elf master archer (Elf:3)
  2 walking earthen tomes (Depths:2)
  The ghost of Coneur the Executioner, an adept DDEn of Makhleb (Elf:2)
  A spectral jelly (Slime:5)
  16 acid blobs
  6 death cobs
  4 ancient champions
  6 sphinxes
  A tentacled starspawn (Abyss:1)
  A thorn hunter (Swamp:2)
  14 shadow dragons
  The ghost of Useeprab the Convoker, an adept BaSu of Hepliaklqana (Elf:2)
  5 tengu reavers
  3 nagarajas
  11 draconian monks
  3 revenants
  The ghost of Venuos the Eclecticist, an adept DsHW of Gozag (Elf:2)
  The ghost of Hup Xekk the Warrior, an adept GrFi of Jiyva (Elf:2)
  A fenstrider witch (Swamp:2)
  7 storm dragons
  7 rockslimes
  6 fire giants
  12 azure jellies
  5 iron dragons
  6 frost giants
  Louise (Snake:1)
  7 draconian knights
  2 draconian shifters
  A curse skull (Crypt:3)
  7 deep elf sorcerers
  6 draconian scorchers
  A spectral juggernaut (Depths:1)
  The ghost of Ulyzxawn the Merchant of Misery, a journeyman DsNe of Kikubaaqudgha (Snake:2)
  A caustic shrike zombie (Abyss:1)
  2 cacodemons (Elf:1)
  3 ghost moths
  A reaper (IceCv)
  An orc warlord (Orc:2)
  15 vault wardens
  9 draconian annihilators
  4 war gargoyles
  6 ironbound preservers
  7 quicksilver oozes
  26 very ugly things
  A draconian stormcaller (Zot:1)
  A deep elf elementalist (Elf:3)
  A spectral rockslime (Slime:5)
  A stone giant (shapeshifter) (Vaults:3)
  9 ironbound thunderhulks
  20 stone giants
  6 vampire knights
  3 deep elf demonologists
  8 green draconians
  A rockslime zombie (Crypt:1)
  4 red draconians
  3 black draconians
  2 bunyips
  14 white draconians
  5 purple draconians
  5 dire elephants
  A minotaur (Gauntlet)
  A spark wasp (Depths:2)
  5 deep elf annihilators
  A spectral acid blob (Slime:5)
  3 yellow draconians (Zot:1)
  3 eidola
  A crystal guardian (Vaults:4)
  9 ettins
  A green death (Depths:4)
  2 jiangshi
  5 deep elf high priests
  3 deep elf death magi (Elf:3)
  3 rakshasas
  7 great orbs of eyes
  An entropy weaver (Gauntlet)
  An entropy weaver (shapeshifter) (Vaults:3)
  9 yaktaur captains
  5 fire dragons
  3 salamander tyrants
  29 vault guards
  A ghost crab (Swamp:3)
  A fire dragon (shapeshifter) (Depths:3)
  A catoblepas (Lair:5)
  An ogre mage (D:11)
  A peacekeeper (Vaults:4)
  A hell beast (Depths:4)
  10 ice dragons
  3 ironbound frosthearts
  A caustic shrike simulacrum (Abyss:1)
  2 anacondas (shapeshifter)
  11 anacondas
  A fenstrider witch zombie (Crypt:2)
  4 boulder beetles
  3 spriggan air magi
  17 hydras
  A spectral azure jelly (Slime:5)
  2 alligators (Swamp:4)
  15 centaur warriors
  An alligator (shapeshifter) (Vaults:2)
  28 dancing weapons
  5 deep troll shamans
  8 two-headed ogres
  2 vampire magi (Depths:2)
  8 naga warriors
  2 spriggan berserkers
  2 azure jelly zombies (Slime:5)
  4 deep troll earth magi
  5 tengu warriors
  2 orc high priests
  14 naga sharpshooters
  A fire crab (Lair:5)
  5 shock serpents
  6 deep elf knights
  8 hell knights (Depths:3)
  A sixfirhy (Gauntlet)
  3 wretched stars
  2 soul eaters
  A storm dragon zombie (Crypt:1)
  3 spectral humans (Vaults:5)
  2 shadow wraiths
  18 deep trolls
  22 skeletal warriors
  A death drake (Abyss:1)
  7 goliath frogs
  8 iron trolls
  A spectral yaktaur (Vaults:5)
  An orb spider (shapeshifter) (Depths:3)
  A sea snake (Snake:1)
  2 glowing orange brains
  2 spriggan riders
  5 swamp dragons
  9 flayed ghosts
  8 deep elf archers
  4 naga ritualists
  12 phantasmal warriors
  2 bog bodies
  A bunyip skeleton (Crypt:1)
  9 lindwurms
  2 orange crystal statues
  A shadow dragon zombie (Vaults:5)
  18 ironbound convokers
  An iron dragon zombie (Depths:1)
  7 orc knights
  A golden dragon skeleton (Depths:1)
  9 deep elf zephyrmancers
  5 necromancers
  2 orc sorcerers (Orc:1)
  A fire giant zombie (Depths:2)
  5 wizards
  2 manticores
  4 shining eyes
  2 spectral deep trolls (Vaults:5)
  A spectral great orb of eyes (Slime:5)
  5 salamanders
  2 stone giant zombies
  13 deep elf pyromancers
  4 will-o-the-wisps (Swamp:4)
  An oklob plant (Lair:4)
  3 cyclopes
  14 mana vipers
  A manticore (shapeshifter) (Elf:1)
  39 ugly things
  A naga zombie (Crypt:1)
  Joseph (D:8)
  13 large abominations
  32 black mambas
  18 moths of wrath
  4 guardian serpents
  15 vault sentinels
  16 naga magi
  3 smoke demons (Crypt:3)
  3 torpor snails (Lair:5)
  An ice statue (IceCv)
  2 gargoyles (Crypt:3)
  A death yak zombie (Crypt:1)
  Maggie (D:8)
  An efreet (D:14)
  A rime drake (Lair:2)
  An alligator snapping turtle skeleton (Crypt:3)
  A dire elephant skeleton (Crypt:3)
  3 unseen horrors (Depths:2)
  8 cane toads
  7 komodo dragons
  2 freezing wraiths
  2 kobold demonologists
  4 tengu conjurers
  16 yaktaurs
  A spark wasp simulacrum (Depths:1)
  5 ancient zymes
  5 red devils
  An unseen horror skeleton (Crypt:2)
  A queen bee (Abyss:3)
  A guardian mummy (Crypt:3)
  9 trolls
  A hornet (shapeshifter) (D:15)
  Prince Ribbit (D:6)
  6 meliai
  7 polar bears (Lair:5)
  A bloated husk (Swamp:3)
  A meliai (shapeshifter) (Elf:1)
  8 hornets
  9 raiju
  A harpy skeleton (Crypt:1)
  13 blink frogs
  9 tyrant leeches
  A slime creature (shapeshifter) (Depths:2)
  A spriggan zombie (Depths:2)
  Grinder (D:5)
  68 slime creatures
  A radroach zombie (Crypt:2)
  2 snapping turtles (Snake:1)
  A fire giant simulacrum (Depths:3)
  An ettin zombie (Vaults:5)
  3 air elementals
  A draconian simulacrum (Zot:3)
  A shock serpent simulacrum (Snake:2)
  6 water elementals
  4 flying skulls (Crypt:1)
  A spectral black mamba (Snake:2)
  8 wraiths
  A ynoxinul (Abyss:3)
  A black mamba skeleton (Crypt:2)
  A dire elephant simulacrum (IceCv)
  A human (shapeshifter) (Vaults:5)
  2 slime creature zombies (Slime:5)
  2 spriggans
  6 shadows
  37 yaks
  7 basilisks
  2 neqoxecs
  2 wyverns
  10 humans (D:13)
  A golden eye (shapeshifter) (Elf:1)
  3 golden eyes (Slime:4)
  2 basilisks (shapeshifter)
  6 chaos spawn
  3 fire elementals
  2 steam dragons
  A redback (shapeshifter) (Vaults:4)
  4 death yak simulacra (IceCv)
  A redback (Gauntlet)
  Menkaure (D:6)
  A harpy simulacrum (IceCv)
  A water nymph zombie (Crypt:2)
  10 vampire mosquitoes
  26 nagas
  4 wargs
  An acid dragon (D:12)
  2 hydra simulacra (IceCv)
  7 swamp worms
  11 hell hounds (Lair:5)
  3 floating eyes
  18 water moccasins
  A two-headed ogre skeleton (Crypt:1)
  A glowing shapeshifter skeleton (Crypt:1)
  2 ice beasts
  A sky beast (D:7)
  15 orc warriors
  5 swamp drakes
  8 black bears
  6 boggarts
  11 wolves (Lair:5)
  17 centaurs
  5 ogres
  2 phantoms (D:11)
  Blork the orc (D:6)
  2 kobold brigands
  13 bullfrogs
  A scorpion (D:4)
  2 earth elementals
  4 two-headed ogre simulacra (IceCv)
  A necrophage (D:6)
  7 small abominations
  A wight (Crypt:3)
  6 killer bees
  4 elephant simulacra (IceCv)
  A swamp dragon simulacrum (Crypt:2)
  3 spriggan skeletons
  An electric eel (Lair:3)
  6 howler monkeys
  A basilisk zombie (Crypt:1)
  3 hounds
  5 jellies
  4 iron imps
  13 orc priests
  4 iguanas
  15 orc wizards
  5 troll simulacra (IceCv)
  3 polar bear simulacra (IceCv)
  4 spriggan simulacra (IceCv)
  2 wolf simulacra (IceCv)
  4 ogre zombies (D:11)
  8 mummies (Crypt:3)
  2 gnolls (D:13)
  10 adders
  6 naga simulacra
  5 white imps
  11 ufetubi
  A dart slug (D:4)
  38 orcs
  5 bats
  6 endoplasms
  5 giant cockroaches
  8 goblins
  6 hobgoblins
  3 jackals (D:3)
  7 kobolds
  3 quokkas
  12 ball pythons
  A dart slug zombie (Crypt:2)
  A frilled lizard (D:1)
  A goblin skeleton (D:11)
  A goblin zombie (D:11)
  2 hobgoblin zombies
  An orc skeleton (D:11)
  8 orc zombies (D:11)
  9 rats
  A river rat skeleton (Crypt:2)
  A spectral ufetubus (IceCv)
  3 briar patches (Swamp:2)
  2 bushes (Elf:3)
1790 creatures vanquished.

Vanquished Creatures (collateral kills)
  4 dread liches
  2 orbs of fire
  Mennas (Vaults:2)
  2 Killer Klowns
  2 curse toes
  3 golden dragons
  A profane servitor (Abyss:3)
  7 Orb Guardians (Zot:5)
  A walking crystal tome (Depths:2)
  The ghost of Zoepropp the Tortoise, an adept MiFi of Okawaru (Elf:2)
  The ghost of Catuneh the Warrior, an adept MiFi of the Shining One (Elf:1)
  A titan (Vaults:5)
  10 tentacled monstrosities
  The ghost of SkiLLzEr0 the Tortoise, an adept MiFi of Okawaru (Snake:3)
  Asterion (Vaults:1)
  A lich (Crypt:3)
  3 sphinxes
  A walking divine tome (Depths:4)
  5 acid blobs
  4 quicksilver dragons
  A revenant (Crypt:1)
  5 storm dragons
  A tengu reaver (Vaults:5)
  2 thorn hunters
  7 azure jellies
  The ghost of Venuos the Eclecticist, an adept DsHW of Gozag (Elf:2)
  Roxanne (Elf:2)
  3 rockslimes
  2 fire giants
  2 nagarajas (Snake:4)
  5 vault wardens
  A draconian knight (Zot:2)
  2 frost giants
  Aizul (Snake:2)
  A draconian scorcher (Zot:5)
  A curse skull (Crypt:2)
  The ghost of Onkax the Marksspriggan, an adept SpHu of Okawaru (Elf:2)
  A cacodemon (Elf:1)
  2 draconian shifters
  A caustic shrike zombie (Crypt:2)
  2 draconian annihilators (Zot:2)
  4 draconian stormcallers
  A deep elf elementalist (Elf:3)
  5 stone giants
  A war gargoyle (Crypt:3)
  3 very ugly things
  3 ironbound thunderhulks
  2 quicksilver oozes
  A caustic shrike skeleton (Crypt:3)
  2 deep elf demonologists
  5 ironbound preservers
  3 vampire knights (Zot:2)
  3 green draconians
  2 spark wasps (Depths:2)
  3 yellow draconians
  5 black draconians
  3 deep elf annihilators
  6 dire elephants
  2 white draconians
  3 purple draconians
  2 crystal guardians
  7 deep elf death magi
  2 ettins
  A fire dragon (Depths:4)
  2 great orbs of eyes
  A jiangshi (Crypt:2)
  2 shambling mangroves (Swamp:4)
  4 vault guards
  8 hydras
  4 yaktaur captains
  A jorogumo (shapeshifter) (D:14)
  An ogre mage (Vaults:2)
  5 ironbound frosthearts
  An alligator snapping turtle (Snake:1)
  A hell beast (Depths:4)
  A salamander tyrant (Snake:4)
  4 anacondas (Snake:1)
  2 boulder beetles
  2 centaur warriors
  2 peacekeepers
  4 alligators
  A catoblepas (D:13)
  A two-headed ogre (D:10)
  2 deep troll shamans
  4 naga warriors
  7 dancing weapons
  An orc high priest (Orc:2)
  A spriggan berserker (Swamp:4)
  5 hell knights (Crypt:3)
  6 deep elf knights
  4 naga sharpshooters (Snake:4)
  4 salamander mystics
  7 naga ritualists
  A spriggan rider (Swamp:3)
  A shadow demon (Abyss:1)
  A goliath frog (Swamp:1)
  7 deep trolls
  4 flayed ghosts
  A bog body (Swamp:4)
  4 skeletal warriors
  5 spriggan druids
  A shadow dragon zombie (Depths:2)
  An iron giant skeleton (Crypt:1)
  2 obsidian statues
  5 glowing orange brains
  2 deep elf archers
  2 swamp dragons (Swamp:4)
  4 lindwurms
  2 phantasmal warriors
  A bunyip skeleton (Crypt:3)
  An orange crystal statue (Vaults:4)
  8 ironbound convokers
  8 deep elf zephyrmancers
  3 necromancers
  4 wizards
  An orc knight (Orc:1)
  An oklob plant (Lair:4)
  6 deep elf pyromancers
  2 mana vipers (Snake:1)
  14 ugly things
  A tengu skeleton (Depths:3)
  A shining eye (Slime:4)
  A mana viper (shapeshifter) (Vaults:2)
  An orc sorcerer (Orc:2)
  A manticore (D:14)
  8 salamanders
  7 moths of wrath
  2 large abominations (Abyss:3)
  2 frost giant skeletons
  A manticore (shapeshifter) (Vaults:5)
  3 will-o-the-wisps
  15 black mambas
  A smoke demon (Crypt:3)
  5 vault sentinels
  An eye of devastation (Slime:4)
  3 cane toads
  12 naga magi
  8 guardian serpents
  2 gargoyles
  2 torpor snails (Lair:5)
  13 yaktaurs
  2 rime drakes
  A freezing wraith (Vaults:3)
  6 komodo dragons
  2 unseen horrors
  A spectral mana viper (Snake:2)
  5 red devils
  2 meliai (Abyss:3)
  A troll (shapeshifter) (Elf:1)
  A hornet (shapeshifter) (Elf:1)
  2 trolls (Orc:2)
  4 polar bears
  3 tyrant leeches
  A raiju (shapeshifter) (Elf:1)
  A spectral naga (Snake:2)
  A dream sheep (Lair:5)
  A harpy skeleton (Crypt:3)
  10 blink frogs
  A dream sheep (shapeshifter) (Vaults:5)
  4 hornets
  4 raiju
  54 slime creatures
  A shock serpent simulacrum (Snake:2)
  2 snapping turtles (Snake:1)
  4 starcursed masses (Abyss:3)
  3 spriggans (Swamp:3)
  2 shadows (Crypt:3)
  2 wraiths
  17 yaks
  2 water elementals (Depths:4)
  A wyvern (D:9)
  A fire elemental (Elf:2)
  An ushabti (Crypt:3)
  A golden eye (shapeshifter) (Elf:1)
  A basilisk (shapeshifter) (Vaults:4)
  7 humans (D:13)
  A golden eye (Slime:4)
  8 vampire mosquitoes
  A neqoxec (Abyss:1)
  A redback (shapeshifter) (Elf:1)
  3 swamp worms
  14 nagas
  A swamp worm (shapeshifter) (Elf:1)
  4 hell hounds (Lair:5)
  3 wargs
  5 water moccasins
  3 black bears (Lair:5)
  A moth of wrath simulacrum (Zot:3)
  4 swamp drakes (Swamp:4)
  15 orc warriors
  2 black mamba simulacra (Snake:2)
  5 wolves (Lair:5)
  2 centaurs
  A gnoll sergeant (D:13)
  5 bullfrogs
  3 earth elementals
  A wight (Crypt:3)
  2 killer bees (D:10)
  2 howler monkeys
  A centaur zombie (Crypt:2)
  An orc priest (Orc:1)
  An iguana (Lair:3)
  An orc wizard (Orc:2)
  2 ogre zombies (D:11)
  A deep dwarf skeleton (Crypt:1)
  2 mummies (Crypt:3)
  3 gnolls (D:13)
  2 white imps (IceCv)
  An adder skeleton (Crypt:1)
  12 orcs
  A kobold (D:8)
  3 goblin zombies (D:11)
  An orc skeleton (D:11)
  3 orc zombies (D:11)
  A rat (D:6)
  2 briar patches (Swamp:2)
  4 bushes
715 creatures vanquished.

Vanquished Creatures (others)
  A spectral rockslime (Zot:1)
  A nagaraja (Snake:4)
  A fire giant (Depths:3)
  A spectral titan (Slime:3)
  2 draconian scorchers
  A spectral acid blob (Slime:5)
  4 spectral tentacled monstrosities
  A vampire knight (Depths:2)
  2 spectral draconians
  A rockslime zombie (Slime:3)
  A spectral stone giant (Snake:4)
  A Killer Klown zombie (Zot:4)
  spectral Mlioglotl (Vaults:5)
  A white draconian (Zot:3)
  3 acid blob zombies
  4 quicksilver dragon zombies
  A yaktaur captain (Vaults:3)
  2 spectral humans
  3 Orb Guardian zombies (Zot:5)
  3 azure jelly zombies
  A quicksilver ooze zombie (Slime:2)
  A spectral sixfirhy (Gauntlet)
  4 storm dragon zombies
  A soul eater (Depths:4)
  A bunyip zombie (Swamp:3)
  3 golden dragon zombies
  2 spark wasp zombies (Depths:2)
  4 very ugly thing zombies
  4 anaconda zombies
  A shadow dragon zombie (Zot:1)
  A spectral two-headed ogre (D:12)
  5 ugly thing zombies
  An ironbound convoker (Vaults:3)
  A lindwurm (Vaults:1)
  A jorogumo zombie (D:14)
  2 stone giant zombies
  3 fire giant zombies
  A frost giant zombie (Depths:3)
  8 draconian zombies
  A moth of wrath (Zot:1)
  A naga mage (Snake:1)
  17 elf zombies
  A dire elephant zombie (Vaults:1)
  A spectral rakshasa (Depths:3)
  A smoke demon (Crypt:3)
  A spectral soul eater (Crypt:1)
  A storm dragon simulacrum (Zot:3)
  3 green draconian zombies
  A yellow draconian zombie (Depths:4)
  An unseen horror zombie (Depths:2)
  3 black draconian zombies
  3 purple draconian zombies
  A swamp worm zombie (Swamp:4)
  2 iron troll zombies (Depths:2)
  2 white draconian zombies
  A spectral mana viper (Snake:2)
  A spectral glowing orange brain (Abyss:1)
  A bloated husk (Swamp:1)
  A death drake zombie (Abyss:1)
  3 hydra zombies
  7 moth of wrath zombies
  2 ettin zombies
  A great orb of eyes zombie (Vaults:2)
  2 guardian serpent zombies
  A spectral floating eye (Depths:3)
  7 deep troll zombies
  4 ice dragon zombies
  3 meliai zombies (Abyss:3)
  A fire dragon zombie (Depths:3)
  14 black mamba zombies
  15 slime creature zombies
  A water elemental (Elf:2)
  4 spriggan zombies
  A tyrant leech zombie (Lair:5)
  A black draconian simulacrum (Zot:3)
  A naga (Snake:3)
  20 human zombies
  2 tengu zombies
  4 two-headed ogre zombies
  A cane toad zombie (Lair:5)
  A spectral efreet (D:14)
  3 hornet zombies
  A moth of wrath simulacrum (Zot:3)
  An orc warrior (Vaults:5)
  A spectral shining eye (Slime:5)
  A lindwurm zombie (Lair:5)
  3 spectral red devils
  A black bear (Lair:5)
  2 swamp dragon zombies
  A manticore zombie (D:14)
  4 spectral golden eyes
  5 blink frog zombies
  A spectral chaos spawn (Depths:4)
  4 vampire mosquito zombies
  A spectral neqoxec (Abyss:3)
  3 salamander zombies (Snake:4)
  8 yaktaur zombies
  A komodo dragon zombie (Lair:5)
  A cyclops zombie (D:13)
  5 hell hound zombies (Lair:5)
  5 water moccasin zombies
  6 warg zombies
  2 troll zombies
  3 polar bear zombies (Lair:5)
  4 raiju zombies
  4 yak zombies
  6 wolf zombies (Lair:5)
  3 bullfrog zombies
  8 centaur zombies
  2 basilisk zombies
  5 black bear zombies (Lair:5)
  An orc priest (D:15)
  A boggart zombie (Vaults:2)
  5 killer bee zombies
  2 ogre zombies
  20 naga zombies
  A howler monkey zombie (D:9)
  3 swamp drake zombies
  A gnoll zombie (D:13)
  A spectral iron imp (Abyss:1)
  2 spectral white imps
  24 orc zombies
  2 spectral ufetubi
  10 demonic plants (Abyss:3)
  18 foxfires
  64 fungi
  112 plants
  36 starspawn tentacles
  59 withered plants
677 creatures vanquished.

Grand Total: 3182 creatures vanquished

Notes
Turn   | Place    | Note
-------+----------+-------------------------------------------
     0 | D:1      | Bnni the Formicid Fighter began the quest for the Orb.
     0 | D:1      | Reached XP level 1. HP: 18/18 MP: 1/1
    75 | D:1      | Reached XP level 2. HP: 24/24 MP: 2/2
   276 | D:1      | Reached XP level 3. HP: 29/29 MP: 3/3
  1240 | D:2      | Reached skill level 5 in Shields
  1240 | D:2      | Reached XP level 4. HP: 33/37 MP: 4/4
  1536 | D:3      | Reached XP level 5. HP: 6/42 MP: 5/5
  2285 | D:4      | Found a snail-covered altar of Cheibriados.
  2331 | D:4      | Found a staircase to the Ecumenical Temple.
  2340 | Temple   | Entered the Ecumenical Temple
  2346 | Temple   | Became a worshipper of Yredelemnul the Dark
  2441 | D:4      | Reached XP level 6. HP: 49/49 MP: 6/6
  2596 | D:4      | Reached * piety under Yredelemnul
  2597 | D:4      | Reached skill level 1 in Invocations
  2765 | D:4      | Reached ** piety under Yredelemnul
  3023 | D:4      | Reached skill level 5 in Polearms
  3112 | D:4      | Identified the +2 pair of gloves of Soft Mirth {Rampage rF-
                  | Regen+}
  3276 | D:4      | Reached skill level 5 in Fighting
  3276 | D:4      | Reached XP level 7. HP: 56/56 MP: 8/8
  3326 | D:5      | Entered Level 5 of the Dungeon
  3498 | D:5      | Noticed Grinder
  3506 | D:5      | Killed Grinder
  3618 | D:5      | Reached XP level 8. HP: 58/63 MP: 10/10
  4442 | D:6      | Noticed Menkaure
  4451 | D:6      | Killed Menkaure
  4572 | D:6      | Reached skill level 5 in Invocations
  4596 | D:6      | Noticed Prince Ribbit
  4602 | D:6      | Noticed Blork the orc
  4605 | D:6      | Killed Prince Ribbit
  4606 | D:6      | Reached XP level 9. HP: 71/71 MP: 11/13
  4616 | D:6      | Killed Blork the orc
  5836 | D:7      | Noticed a hornet
  5842 | D:7      | Killed a hornet
  6015 | D:8      | Identified the +0 pair of boots of Siniev {+Inv rF- Str+2
                  | Stlth+}
  6161 | D:8      | Reached XP level 10. HP: 72/80 MP: 15/15
  6174 | D:8      | Reached skill level 10 in Polearms
  6297 | D:8      | Found a stormy altar of Qazlal.
  6313 | D:8      | Noticed Maggie
  6333 | D:8      | Killed Maggie
  6633 | D:8      | Reached *** piety under Yredelemnul
  6789 | D:8      | Reached **** piety under Yredelemnul
  6861 | D:8      | Found a staircase to the Lair.
  6959 | D:8      | Noticed Joseph
  6978 | D:8      | Killed Joseph
  6979 | D:8      | Reached XP level 11. HP: 42/89 MP: 15/17
  7869 | D:9      | Reached ***** piety under Yredelemnul
  7869 | D:9      | Reached skill level 10 in Fighting
  7869 | D:9      | Reached skill level 10 in Invocations
  8061 | D:9      | Noticed a two-headed ogre
  8071 | D:9      | Killed a two-headed ogre
  8071 | D:9      | Enslaved a two-headed ogre
  8231 | D:10     | Entered Level 10 of the Dungeon
  8329 | D:10     | Noticed a two-headed ogre
  8335 | D:10     | Killed a two-headed ogre
  8863 | D:11     | Found a staircase to the Orcish Mines.
  8940 | D:11     | Noticed a manticore
  8946 | D:11     | Killed a manticore
  8947 | D:11     | Reached XP level 12. HP: 68/98 MP: 20/20
  9103 | D:11     | Reached skill level 5 in Armour
  9144 | D:11     | Found a gate leading to a gauntlet.
  9153 | Gauntlet | Entered a Gauntlet
  9153 | Gauntlet | Found a transporter.
  9153 | Gauntlet | Found a transporter.
  9153 | Gauntlet | Found a runed translucent gate.
  9155 | Gauntlet | Noticed a sixfirhy
  9166 | Gauntlet | Found a runed translucent gate.
  9167 | Gauntlet | Found a runed translucent gate.
  9170 | Gauntlet | Found a transporter.
  9185 | Gauntlet | Found a transporter.
  9200 | Gauntlet | Found a transporter.
  9200 | Gauntlet | Found a transporter.
  9200 | Gauntlet | Found a transporter.
  9202 | Gauntlet | Found a transporter.
  9202 | Gauntlet | Found a transporter.
  9205 | Gauntlet | Noticed a blizzard demon
  9217 | Gauntlet | Found a transporter.
  9230 | Gauntlet | Found a transporter.
  9240 | Gauntlet | Found a transporter.
  9242 | Gauntlet | Noticed an entropy weaver
  9254 | Gauntlet | Found a transporter.
  9274 | Gauntlet | Found a transporter.
  9275 | Gauntlet | Found the +3 Mad Mage's Maulers {Infuse+∞ RegenMP Int-3}
  9304 | Gauntlet | Noticed a great orb of eyes
  9330 | Gauntlet | Killed a sixfirhy
  9365 | Gauntlet | Identified the +2 pair of boots of Autumn {Contam Regen+
                  | Int-4 Dex+7}
  9451 | Gauntlet | Killed an entropy weaver
  9457 | Gauntlet | Identified the ring of Polytheism {rPois rC+}
  9465 | Gauntlet | Identified the +9 morningstar of Houzoebb {holy, Int+4
                  | Stlth+}
  9479 | Gauntlet | Identified the +8 rapier "Tioxtenn" {holy, Dex+4}
  9479 | Gauntlet | Noticed a minotaur
  9492 | Gauntlet | Killed a minotaur
  9496 | Gauntlet | Identified the +1 robe of Daocecoeb {Str+3}
 10002 | D:11     | Noticed an ogre mage
 10002 | D:11     | Noticed a two-headed ogre
 10002 | D:11     | Noticed a two-headed ogre
 10009 | D:11     | Noticed a two-headed ogre
 10015 | D:11     | Killed a two-headed ogre
 10015 | D:11     | Noticed a two-headed ogre
 10021 | D:11     | Killed an ogre mage
 10027 | D:11     | Killed a two-headed ogre
 10034 | D:11     | Killed a two-headed ogre
 10043 | D:11     | Killed a two-headed ogre
 10257 | D:12     | Noticed a two-headed ogre
 10265 | D:12     | Killed a two-headed ogre
 10386 | D:12     | Noticed a skeletal warrior
 10386 | D:12     | Noticed a skeletal warrior
 10389 | D:12     | Noticed a skeletal warrior
 10393 | D:12     | Noticed a skeletal warrior
 10407 | D:12     | Killed a skeletal warrior
 10408 | D:12     | Reached XP level 13. HP: 91/106 MP: 22/22
 11230 | D:13     | Noticed a centaur warrior
 11239 | D:13     | Killed a centaur warrior
 11268 | D:13     | Reached skill level 10 in Shields
 11327 | D:13     | Noticed a centaur warrior
 11337 | D:13     | Killed a centaur warrior
 11641 | D:13     | Noticed a catoblepas
 11659 | D:13     | Killed a catoblepas
 11666 | D:13     | Reached skill level 15 in Invocations
 11720 | D:13     | Reached XP level 14. HP: 89/113 MP: 25/25
 11739 | D:13     | Found a gate to the Vaults.
 11801 | D:13     | Reached ****** piety under Yredelemnul
 12202 | D:14     | You fall into a shaft and drop 1 floor!
 12202 | D:15     | Entered Level 15 of the Dungeon
 12708 | D:15     | Reached skill level 10 in Armour
 12768 | D:15     | Noticed a stone giant
 12777 | D:15     | Reached XP level 15. HP: 124/124 MP: 27/27
 12787 | D:15     | Found a staircase to the Depths.
 12794 | D:15     | Killed a stone giant
 12794 | D:15     | Enslaved a stone giant
 12906 | D:15     | Identified a scroll of acquirement
 12907 | D:15     | Acquired the +1 tower shield of Mutualism {rN++}
 13751 | D:14     | Found a glowing golden altar of the Shining One.
 13751 | D:14     | Found a glowing silver altar of Zin.
 13751 | D:14     | Found a white marble altar of Elyvilon.
 14431 | Lair:1   | Entered Level 1 of the Lair of Beasts
 15014 | Lair:1   | Found a glowing silver altar of Zin.
 15484 | Lair:2   | You fall into a shaft and drop 1 floor!
 16798 | Lair:3   | Found a staircase to the Snake Pit.
 17084 | Lair:3   | Reached XP level 16. HP: 133/133 MP: 1/29
 17154 | Lair:3   | Found a staircase to the Swamp.
 17988 | Lair:4   | Found a runed translucent door.
 17989 | Lair:4   | Noticed an azure jelly
 17990 | Lair:4   | Noticed an azure jelly
 17991 | Lair:4   | Found a staircase to the Slime Pits.
 17991 | Lair:4   | Noticed an azure jelly
 18673 | Lair:4   | Found a sacrificial altar of Ru.
 18869 | Lair:4   | Reached skill level 15 in Shields
 19268 | Lair:4   | Killed an azure jelly
 19277 | Lair:4   | Killed an azure jelly
 19283 | Lair:4   | Killed an azure jelly
 19392 | Lair:5   | Entered Level 5 of the Lair of Beasts
 20366 | Lair:5   | Reached skill level 15 in Fighting
 20497 | Lair:5   | Identified the +2 ring mail of the Clam {rN+}
 20671 | Lair:5   | Identified the +8 shortbow of the Asp {speed, rC+ SInv}
 21088 | Lair:5   | Found a runed translucent door.
 21747 | Orc:1    | Entered Level 1 of the Orcish Mines
 21892 | Orc:1    | Reached XP level 17. HP: 142/142 MP: 0/30
 22323 | Orc:2    | Entered Level 2 of the Orcish Mines
 22462 | Orc:2    | Found Maats's General Store.
 22603 | Orc:2    | Found Nachekask's Antique Armour Boutique.
 22704 | Orc:2    | Found Gapsa's Antique Weapon Shoppe.
 22776 | Orc:2    | Found Suqa's Book Emporium.
 22887 | Orc:2    | Found a frozen archway.
 22896 | IceCv    | Entered an ice cave
 23187 | IceCv    | Reached XP level 18. HP: 149/149 MP: 32/32
 23947 | Orc:2    | Found a staircase to the Elven Halls.
 24338 | Snake:1  | Entered Level 1 of the Snake Pit
 24426 | Snake:1  | Reached skill level 15 in Armour
 24683 | Snake:1  | Noticed Louise
 24701 | Snake:1  | Killed Louise
 25168 | Snake:1  | Found Eptoelaj's Book Boutique.
 25168 | Snake:1  | Found Karuog's Jewellery Shoppe.
 25169 | Snake:1  | Found Vocak Iho's Book Boutique.
 25934 | Snake:1  | Found Pufoili's Book Shoppe.
 26160 | Snake:2  | Noticed Aizul
 26237 | Snake:2  | Killed Aizul
 26348 | Snake:2  | Reached XP level 19. HP: 157/157 MP: 0/33
 26661 | Snake:2  | You fall into a shaft and drop 1 floor!
 27963 | Snake:3  | Identified the +8 morningstar of the Weak God {vorpal,
                  | Int+2}
 27989 | Snake:3  | Found a runed translucent gate.
 27990 | Snake:3  | Found a runed translucent gate.
 27991 | Snake:3  | Found a runed translucent gate.
 27993 | Snake:3  | Found an opulent altar of Gozag.
 27993 | Snake:3  | Noticed SkiLLzEr0's ghost (adept MiFi)
 27994 | Snake:3  | Found Cugoid's Assorted Antiques.
 28033 | Snake:3  | Killed SkiLLzEr0's ghost
 28711 | Snake:4  | Entered Level 4 of the Snake Pit
 28980 | Snake:4  | Found Pisautiu's Jewellery Emporium.
 28980 | Snake:4  | Found Osuts's Distillery.
 28985 | Snake:4  | Found Aqizxof's Magic Scroll Emporium.
 28987 | Snake:4  | Found Demut's Weapon Shoppe.
 29055 | Snake:4  | Bought a potion of heal wounds for 65 gold pieces
 29055 | Snake:4  | Bought a potion of curing for 39 gold pieces
 29055 | Snake:4  | Bought 3 potions of heal wounds for 195 gold pieces
 29796 | Snake:4  | Reached XP level 20. HP: 111/167 MP: 0/35
 30086 | Snake:4  | Got a serpentine rune of Zot
 31179 | Snake:2  | Found a runed translucent gate.
 31179 | Snake:2  | Found a runed translucent gate.
 31180 | Snake:2  | Found a runed translucent gate.
 31184 | Snake:2  | Noticed Ulyzxawn's ghost (journeyman DsNe)
 31201 | Snake:2  | Killed Ulyzxawn's ghost
 31519 | Swamp:1  | Entered Level 1 of the Swamp
 32044 | Swamp:1  | Noticed Mlioglotl
 32056 | Swamp:1  | Killed Mlioglotl
 32056 | Swamp:1  | Enslaved Mlioglotl
 33466 | Swamp:3  | Identified the +10 long sword of the Bear {antimagic, rPois
                  | Str-4 Int+7 Dex-5}
 33467 | Swamp:3  | Noticed Bai Suzhen
 33487 | Swamp:3  | Killed Bai Suzhen
 34134 | Swamp:4  | Entered Level 4 of the Swamp
 34698 | Swamp:4  | Got a decaying rune of Zot
 34740 | Swamp:4  | Found a sacrificial altar of Ru.
 34989 | Swamp:4  | Reached XP level 21. HP: 176/176 MP: 0/37
 35221 | Swamp:4  | Identified the +7 chain mail of the Thunderstorm {rElec
                  | rF+++ Int-4 Stlth-}
 35971 | Depths:1 | Entered Level 1 of the Depths
 36686 | Depths:1 | Found a gateway to Hell.
 37494 | Depths:1 | Reached XP level 22. HP: 184/184 MP: 38/38
 37619 | Depths:1 | Found a basalt altar of Yredelemnul.
 38087 | Depths:1 | Found a portal to a secret trove of treasure.
 38297 | Depths:2 | Found a one-way gate to the infinite horrors of the Abyss.
 38522 | Depths:2 | Noticed Vv
 38550 | Depths:2 | Killed Vv
 38925 | Depths:2 | Upgraded the game from 0.30-a0-367-g839099abd5 to
                  | 0.30-a0-368-g86fb4627a9
 39226 | Depths:2 | Found a one-way gate leading to the halls of Pandemonium.
 40112 | Depths:2 | HP: 2/185 [storm dragon/bolt of lightning (28)]
 40260 | Depths:2 | Reached XP level 23. HP: 153/192 MP: 0/39
 40361 | Depths:2 | Identified the +6 scale mail "Noowkeg" {Str+2 SInv Stlth-}
 40887 | Depths:2 | Identified the ring of Atweng Nidgh {Fly rN++ Dex+4 Slay+5}
 41008 | Depths:2 | Noticed a dread lich
 41074 | Depths:2 | Killed a dread lich
 41306 | Depths:2 | Got the Textbook on the Mortuary
 41535 | Depths:3 | Noticed Saint Roka
 41546 | Depths:3 | Killed Saint Roka
 42041 | Depths:3 | Reached XP level 24. HP: 199/199 MP: 39/39
 43698 | Depths:4 | Entered Level 4 of the Depths
 44258 | Depths:4 | Found a one-way gateway to a ziggurat.
 44615 | Depths:4 | Reached XP level 25. HP: 208/208 MP: 0/39
 44936 | Depths:4 | Found an ornate altar of the Wu Jian Council.
 45118 | Depths:4 | Found a gate to the Realm of Zot.
 45551 | Elf:1    | Entered Level 1 of the Elven Halls
 45587 | Elf:1    | Reached skill level 5 in Dodging
 46004 | Elf:1    | Found a runed translucent gate.
 46118 | Elf:1    | Found a runed translucent gate.
 46118 | Elf:1    | Found a runed translucent gate.
 46738 | Elf:1    | Found a runed translucent gate.
 46738 | Elf:1    | Found a runed translucent gate.
 46740 | Elf:1    | Noticed Catuneh's ghost (adept MiFi)
 46749 | Elf:1    | Found a runed translucent gate.
 46767 | Elf:1    | Gained mutation: You occasionally lose the ability to drink
                  | potions when taking damage. [a cacodemon]
 46768 | Elf:1    | Gained mutation: Armour fits poorly on your strangely
                  | shaped body. [a cacodemon]
 46781 | Elf:1    | Killed Catuneh's ghost
 46787 | Elf:1    | Identified the +1 pair of gloves "Meuhemui" {rElec rC+
                  | Dex-3}
 46812 | Elf:1    | Gained mutation: Your magical capacity is low. (-10% MP)
                  | [mutagenic glow]
 46830 | Elf:1    | Gained mutation: You are dopey. (Int -2) [mutagenic glow]
 46845 | Elf:1    | Gained mutation: You are very dopey. (Int -4) [mutagenic
                  | glow]
 46942 | Elf:1    | Lost mutation: Your magical capacity is low. (-10% MP)
                  | [potion of mutation]
 46942 | Elf:1    | Lost mutation: You occasionally lose the ability to drink
                  | potions when taking damage. [potion of mutation]
 46942 | Elf:1    | Lost mutation: You are very dopey. (Int -4) [potion of
                  | mutation]
 46942 | Elf:1    | Gained mutation: You are partially covered in large bone
                  | plates. (SH +4) [potion of mutation]
 46942 | Elf:1    | Gained mutation: You expend magic power (3 MP) to
                  | strengthen your wands. [potion of mutation]
 46943 | Elf:1    | Lost mutation: You are dopey. (Int -2) [potion of mutation]
 46943 | Elf:1    | Lost mutation: You expend magic power (3 MP) to strengthen
                  | your wands. [potion of mutation]
 46943 | Elf:1    | Lost mutation: Armour fits poorly on your strangely shaped
                  | body. [potion of mutation]
 46943 | Elf:1    | Gained mutation: Your magical capacity is low. (-10% MP)
                  | [potion of mutation]
 46943 | Elf:1    | Gained mutation: You are strong-willed. (Will+) [potion of
                  | mutation]
 46994 | Elf:2    | Identified Roxanne's Book of Permutations
 46994 | Elf:2    | Noticed Roxanne
 47058 | Elf:2    | Found a huge runed gate.
 47058 | Elf:2    | Found a huge runed gate.
 47058 | Elf:2    | Found a huge runed gate.
 47059 | Elf:2    | Found a huge runed gate.
 47059 | Elf:2    | Found a huge runed gate.
 47060 | Elf:2    | Found a huge runed gate.
 47060 | Elf:2    | Found a huge runed gate.
 47061 | Elf:2    | Found a huge runed gate.
 47062 | Elf:2    | Found a huge runed gate.
 47063 | Elf:2    | Found a huge runed gate.
 47063 | Elf:2    | Found a huge runed gate.
 47064 | Elf:2    | Found a huge runed gate.
 47065 | Elf:2    | Found a huge runed gate.
 47066 | Elf:2    | Found a huge runed gate.
 47067 | Elf:2    | Found a huge runed gate.
 47076 | Elf:2    | Found a huge runed gate.
 47076 | Elf:2    | Found a huge runed gate.
 47076 | Elf:2    | Found a huge runed gate.
 47076 | Elf:2    | Found a huge runed gate.
 47076 | Elf:2    | Found a huge runed gate.
 47076 | Elf:2    | Found a huge runed gate.
 47138 | Elf:2    | Noticed Hup Xekk's ghost (adept GrFi)
 47138 | Elf:2    | Noticed Venuos's ghost (adept DsHW)
 47138 | Elf:2    | Noticed Venuos's ghost (adept DsHW)
 47138 | Elf:2    | Noticed Useeprab's ghost (adept BaSu)
 47138 | Elf:2    | Noticed Coneur's ghost (adept DDEn)
 47138 | Elf:2    | Noticed Onkax's ghost (adept SpHu)
 47138 | Elf:2    | Noticed Zoepropp's ghost (adept MiFi)
 47200 | Elf:2    | Killed Zoepropp's ghost
 47219 | Elf:2    | Killed Venuos's ghost
 47219 | Elf:2    | Killed Onkax's ghost
 47233 | Elf:2    | Killed Coneur's ghost
 47244 | Elf:2    | Killed Hup Xekk's ghost
 47253 | Elf:2    | Killed Useeprab's ghost
 47270 | Elf:2    | Killed Venuos's ghost
 47479 | Elf:2    | Killed Roxanne
 47747 | Elf:2    | Found a runed translucent gate.
 47748 | Elf:2    | Found a runed translucent gate.
 47748 | Elf:2    | Found a runed translucent gate.
 48695 | Elf:3    | Entered Level 3 of the Elven Halls
 48833 | Elf:3    | Found Ipraurar's Antique Weapon Emporium.
 49025 | Elf:3    | Identified the +3 leather armour of the Apothecary {rN+
                  | Will+ Dex-3}
 49482 | Elf:3    | Reached XP level 26. HP: 172/218 MP: 1/36
 49976 | Elf:3    | Identified the ring of Levity {+Blink rC+ Str+4 Int+6
                  | Dex+4}
 49985 | Elf:3    | Identified the +3 scale mail of Rilitz {Dex+4}
 50000 | Elf:3    | Identified the +3 war axe of Dissolution {pain, Will+ Int-5
                  | SInv}
 50005 | Elf:3    | Identified the amulet "Umyakhun" {Regen+ Int+3}
 50018 | Elf:3    | Identified the ring of Ignis's Vengeance {rC+ Str+5}
 50029 | Elf:3    | Learned a level 3 spell: Vhi's Electric Charge
 50031 | Elf:3    | Learned a level 1 spell: Apportation
 50036 | Elf:3    | Learned a level 4 spell: Anguish
 50258 | Elf:3    | Reached XP level 27. HP: 224/224 MP: 36/36
 50639 | Snake:1  | Bought a book of Blood for 476 gold pieces
 50643 | Snake:1  | Bought Great Wizards, Vol. VII for 420 gold pieces
 50646 | Snake:1  | Learned a level 2 spell: Wereblood
 50651 | Snake:1  | Learned a level 4 spell: Passage of Golubria
 50903 | Vaults:1 | Entered Level 1 of the Vaults
 51255 | Vaults:1 | Reached skill level 1 in Spellcasting
 51810 | Vaults:1 | Noticed Asterion
 51822 | Vaults:1 | Killed Asterion
 51898 | Vaults:1 | Found Disoc's Book Boutique.
 52475 | Snake:1  | Bought a Fen Folio for 462 gold pieces
 52482 | Snake:1  | Learned a level 6 spell: Eringya's Noxious Bog
 52808 | Vaults:2 | Reached skill level 27 in Invocations
 52975 | Vaults:2 | Found Itad's Jewellery Shoppe.
 53138 | Vaults:2 | Reached skill level 5 in Translocations
 53256 | Vaults:2 | Noticed Mennas
 53264 | Vaults:2 | Killed Mennas
 54197 | Vaults:3 | Noticed an ancient lich
 54221 | Vaults:3 | Killed an ancient lich
 54222 | Vaults:3 | Reached skill level 1 in Transmutations
 54234 | Vaults:3 | Found the +8 storm bow {elec, penet}
 54634 | Vaults:3 | Found a staircase to the Crypt.
 55057 | Vaults:3 | Reached skill level 5 in Spellcasting
 55581 | Vaults:4 | Found a runed translucent door.
 55581 | Vaults:4 | Found a shimmering altar of Xom.
 55581 | Vaults:4 | Noticed Peona's ghost (veteran MiGl)
 55629 | Vaults:4 | Killed Peona's ghost
 55633 | Vaults:4 | Identified the +5 ring mail "Fopurch" {Regen+}
 55656 | Vaults:4 | Reached skill level 5 in Transmutations
 56241 | Vaults:4 | Identified the +3 scale mail of the Okapi {Dex+3 Slay+2}
 56355 | Vaults:4 | Found a transporter.
 56365 | Vaults:4 | Found a transporter.
 56643 | Vaults:4 | Found Woepseam's Distillery.
 56647 | Vaults:4 | Bought a potion of curing for 54 gold pieces
 56647 | Vaults:4 | Bought a potion of curing for 54 gold pieces
 56647 | Vaults:4 | Bought a potion of heal wounds for 90 gold pieces
 56647 | Vaults:4 | Bought 2 potions of curing for 108 gold pieces
 56647 | Vaults:4 | Reached skill level 5 in Necromancy
 56744 | Vaults:4 | Learned a level 4 spell: Manifold Assault
 56904 | Vaults:5 | Entered Level 5 of the Vaults
 56972 | Vaults:5 | Your ally Mlioglotl died
 57010 | Vaults:5 | Noticed Xtahua
 57247 | Vaults:2 | Bought an amulet of faith for 760 gold pieces
 57363 | Vaults:4 | Learned a level 3 spell: Ignite Poison
 57374 | Vaults:5 | Noticed an ancient lich
 57379 | Vaults:4 | Killed Xtahua
 57471 | Vaults:4 | Reached skill level 1 in Poison Magic
 57591 | Vaults:5 | Noticed a dread lich
 57621 | Vaults:5 | Identified the +8 hand axe of Pueckiq {venom, +Blink rElec
                  | rN+ Str+4}
 57638 | Vaults:4 | Killed a dread lich
 57639 | Vaults:4 | Reached skill level 10 in Dodging
 57738 | Vaults:5 | Killed an ancient lich
 57940 | Vaults:5 | Reached skill level 10 in Translocations
 57981 | Vaults:5 | Acquired the +1 cloak of Veoz {rC+ Int+2}
 58139 | Vaults:5 | Got a silver rune of Zot
 58323 | Vaults:5 | Got the Handbook of the Dynamic Pyre
 58339 | Vaults:5 | Identified the +8 spear of Defence by Offence {vorpal, rC++
                  | Str+2}
 58379 | Vaults:5 | Noticed a dread lich
 58401 | Vaults:5 | Killed a dread lich
 58732 | Vaults:5 | Found the +8 frozen axe "Frostbite" {freezing cloud, *Noise
                  | Fly rC+}
 58747 | Vaults:5 | Identified the +5 short sword of the Imperium {venom, Dex+2
                  | Stlth+}
 58825 | Vaults:5 | Identified the +1 scale mail "Oleakexu" {Rampage rElec
                  | rPois Slay-6}
 59057 | Crypt:1  | Entered Level 1 of the Crypt
 59513 | Crypt:1  | Noticed Zenata
 59553 | Crypt:1  | Killed Zenata
 60342 | Crypt:2  | Reached skill level 1 in Hexes
 60409 | Crypt:2  | Found an ancient bone altar of Kikubaaqudgha.
 60600 | Crypt:3  | Entered Level 3 of the Crypt
 60702 | Crypt:3  | Reached skill level 5 in Poison Magic
 60927 | Crypt:3  | Found the +8 demon blade "Leech" {vamp, Harm Drain rN+}
 60945 | Crypt:3  | Got the Codex of Stony Cold
 61137 | Crypt:3  | Identified the +9 rapier of Fehuvek {vorpal, rPois}
 61215 | Crypt:3  | Found a staircase to the Tomb.
 61632 | Crypt:3  | Found an ancient bone altar of Kikubaaqudgha.
 61664 | Crypt:3  | Noticed a dread lich
 61672 | Crypt:3  | Killed a dread lich
 61689 | Crypt:3  | Identified the ring of Agy Teyx {rN+ Str+3 Dex+4}
 61689 | Crypt:3  | Identified the ring "Kijisuth" {+Blink rN+ rCorr Stlth+}
 61695 | Crypt:3  | Identified the ring of Puaqocs {Wiz +Blink Int+3}
 61706 | Crypt:3  | Noticed an ancient lich
 61715 | Crypt:3  | Killed an ancient lich
 62417 | Slime:1  | Entered Level 1 of the Pits of Slime
 63675 | Slime:5  | Entered Level 5 of the Pits of Slime
 63677 | Slime:5  | Gained mutation: You are weak. (Str -2) [a shining eye]
 63682 | Slime:5  | Gained mutation: You occasionally shout uncontrollably at
                  | your foes. [a shining eye]
 63763 | Slime:5  | Noticed the Royal Jelly
 63781 | Slime:5  | Killed the Royal Jelly
 63781 | Slime:5  | Enslaved the Royal Jelly
 63988 | Slime:5  | Found a viscous altar of Jiyva.
 64043 | Slime:5  | Got a slimy rune of Zot
 64069 | Slime:5  | Identified the +1 plate armour of Prudence {rElec rF+ MP+9
                  | Str+3}
 64232 | Slime:4  | Gained mutation: You are very weak. (Str -4) [a shining
                  | eye]
 64235 | Slime:4  | Gained mutation: You are clumsy. (Dex -2) [a shining eye]
 64238 | Slime:4  | Gained mutation: You are frail. (-10% HP) [a shining eye]
 64238 | Slime:4  | Gained mutation: You frequently scream uncontrollably at
                  | your foes. [a shining eye]
 64513 | Slime:3  | Reached skill level 5 in Hexes
 66371 | Depths:2 | Voluntarily entered the Abyss.
 66961 | Abyss:3  | Noticed an ancient lich
 66970 | Abyss:3  | Lost mutation: You are frail. (-10% HP) [a neqoxec]
 66987 | Abyss:3  | Killed an ancient lich
 67195 | Abyss:3  | Got an abyssal rune of Zot
 67205 | Depths:2 | Escaped the Abyss
 67364 | Zot:1    | Entered Level 1 of the Realm of Zot
 67464 | Zot:1    | Reached skill level 5 in Air Magic
 67690 | Zot:1    | Reached skill level 27 in Shields
 67703 | Zot:1    | Noticed an orb of fire
 67708 | Zot:1    | Gained mutation: Armour fits poorly on your strangely
                  | shaped body. [an orb of fire]
 67709 | Zot:1    | Gained mutation: You occasionally lose the ability to read
                  | scrolls when taking damage. [an orb of fire]
 67717 | Zot:1    | You are sucked into a shaft and drop 1 floor!
 67850 | Zot:2    | Reached skill level 10 in Transmutations
 68129 | Zot:2    | Reached skill level 10 in Spellcasting
 68213 | Zot:2    | Noticed a dread lich
 68217 | Zot:2    | Noticed a dread lich
 68223 | Zot:2    | Killed a dread lich
 68225 | Zot:2    | Killed a dread lich
 68229 | Zot:2    | Noticed a dread lich
 68233 | Zot:2    | Killed a dread lich
 68284 | Zot:2    | Noticed a dread lich
 68298 | Zot:2    | Killed a dread lich
 68323 | Zot:2    | Identified the +3 ring mail of the Butterfly {Dex+9 Slay-3}
 68790 | Zot:1    | Killed an orb of fire
 68802 | Zot:1    | Lost mutation: You are strong-willed. (Will+) [potion of
                  | mutation]
 68802 | Zot:1    | Lost mutation: You are clumsy. (Dex -2) [potion of
                  | mutation]
 68802 | Zot:1    | Lost mutation: You are very weak. (Str -4) [potion of
                  | mutation]
 68802 | Zot:1    | Gained mutation: You are dopey. (Int -2) [potion of
                  | mutation]
 68802 | Zot:1    | Gained mutation: You possess an exceptional clarity of
                  | mind. [potion of mutation]
 68803 | Zot:1    | Lost mutation: You are weak. (Str -2) [potion of mutation]
 68803 | Zot:1    | Lost mutation: You are dopey. (Int -2) [potion of mutation]
 68803 | Zot:1    | Lost mutation: Armour fits poorly on your strangely shaped
                  | body. [potion of mutation]
 68803 | Zot:1    | Lost mutation: You possess an exceptional clarity of mind.
                  | [potion of mutation]
 68803 | Zot:1    | Gained mutation: You are agile. (Dex +4, Str/Int -1)
                  | [potion of mutation]
 68803 | Zot:1    | Lost mutation: You occasionally lose the ability to read
                  | scrolls when taking damage. [potion of mutation]
 68804 | Zot:1    | Lost mutation: You are agile. (Dex +4, Str/Int -1) [potion
                  | of mutation]
 68804 | Zot:1    | Lost mutation: You are partially covered in large bone
                  | plates. (SH +4) [potion of mutation]
 68804 | Zot:1    | Lost mutation: Your magical capacity is low. (-10% MP)
                  | [potion of mutation]
 68804 | Zot:1    | Gained mutation: Your mind is acute. (Int +4, Str/Dex -1)
                  | [potion of mutation]
 68804 | Zot:1    | Gained mutation: You are agile. (Dex +4, Str/Int -1)
                  | [potion of mutation]
 68804 | Zot:1    | Gained mutation: Armour fits poorly on your strangely
                  | shaped body. [potion of mutation]
 68805 | Zot:1    | Lost mutation: Your mind is acute. (Int +4, Str/Dex -1)
                  | [potion of mutation]
 68805 | Zot:1    | Lost mutation: You are agile. (Dex +4, Str/Int -1) [potion
                  | of mutation]
 68805 | Zot:1    | Gained mutation: You are somewhat resistant to further
                  | mutation. [potion of mutation]
 68805 | Zot:1    | Gained mutation: You are frail. (-10% HP) [potion of
                  | mutation]
 68805 | Zot:1    | Gained mutation: You have large cloven feet. [potion of
                  | mutation]
 68806 | Zot:1    | Lost mutation: You frequently scream uncontrollably at your
                  | foes. [potion of mutation]
 68806 | Zot:1    | Lost mutation: Armour fits poorly on your strangely shaped
                  | body. [potion of mutation]
 68806 | Zot:1    | Gained mutation: You are strong-willed. (Will+) [potion of
                  | mutation]
 68807 | Zot:1    | Lost mutation: You are somewhat resistant to further
                  | mutation. [potion of mutation]
 68807 | Zot:1    | Lost mutation: You have large cloven feet. [potion of
                  | mutation]
 68807 | Zot:1    | Lost mutation: You are strong-willed. (Will+) [potion of
                  | mutation]
 68808 | Zot:1    | Lost mutation: You occasionally shout uncontrollably at
                  | your foes. [potion of mutation]
 68808 | Zot:1    | Lost mutation: You are frail. (-10% HP) [potion of
                  | mutation]
 68808 | Zot:1    | Gained mutation: Armour fits poorly on your strangely
                  | shaped body. [potion of mutation]
 68809 | Zot:1    | Lost mutation: Armour fits poorly on your strangely shaped
                  | body. [potion of mutation]
 68809 | Zot:1    | Gained mutation: Your flesh is heat resistant. (rF+)
                  | [potion of mutation]
 68809 | Zot:1    | Lost mutation: Your flesh is heat resistant. (rF+) [potion
                  | of mutation]
 68809 | Zot:1    | Gained mutation: You are clumsy. (Dex -2) [potion of
                  | mutation]
 68809 | Zot:1    | Gained mutation: You are strong-willed. (Will+) [potion of
                  | mutation]
 69386 | Zot:3    | Identified the ring "Huytse Qasse" {Ice rPois Int-3 Dex+3
                  | Slay+3}
 69386 | Zot:3    | Noticed Josephina
 69429 | Zot:3    | Killed Josephina
 69688 | Zot:3    | Found the ring of the Octopus King
 69701 | Zot:3    | Identified a ring of the Octopus King {rCorr HP+2 AC+2 EV+2
                  | SH+2}
 69783 | Zot:3    | Reached skill level 10 in Necromancy
 70196 | Zot:3    | Learned a level 3 spell: Lesser Beckoning
 70206 | Zot:3    | Learned a level 9 spell: Death's Door
 70215 | Zot:3    | Learned a level 8 spell: Necromutation
 70221 | Zot:4    | Noticed a Killer Klown
 70248 | Zot:4    | Killed a Killer Klown
 70354 | Zot:4    | Found a runed translucent door.
 70354 | Zot:4    | Noticed Iryommi's ghost (legendary KoDe)
 70406 | Zot:4    | Killed Iryommi's ghost
 71179 | Zot:5    | Entered Level 5 of the Realm of Zot
 71328 | Zot:5    | Noticed a Killer Klown
 71351 | Zot:5    | Killed a Killer Klown
 71751 | Zot:5    | Noticed an orb of fire
 71752 | Zot:5    | Noticed an orb of fire
 71753 | Zot:5    | Noticed a Killer Klown
 71754 | Zot:5    | Gained mutation: You are weak. (Str -2) [an orb of fire]
 71760 | Zot:5    | Gained mutation: You are vulnerable to heat. (rF-) [an orb
                  | of fire]
 71766 | Zot:5    | Gained mutation: Your body sometimes deteriorates upon
                  | taking damage. [an orb of fire]
 71769 | Zot:5    | Killed an orb of fire
 71778 | Zot:5    | Noticed a dread lich
 71784 | Zot:5    | Killed a Killer Klown
 71789 | Zot:5    | Killed an orb of fire
 71797 | Zot:5    | Killed a dread lich
 71800 | Zot:5    | Noticed an orb of fire
 71801 | Zot:5    | Gained mutation: You occasionally lose the ability to drink
                  | potions when taking damage. [an orb of fire]
 71807 | Zot:5    | Gained mutation: You have hidden genetic defects. [an orb
                  | of fire]
 71811 | Zot:5    | Killed from afar by an orb of fire

Illustrated notes

Levels and vault maps discovered:
D:1:      lordsloth_arrival_two_stooges, layout_basic, serial_bayou_crossing
D:2:      layout_basic, serial_corexii_hall, corexii_hall_statues_i,
          chequers_hall_statues_wall_a, corexii_hall_statues_deadend,
          corexii_hall_statues_deadend
D:3:      minmay_door_path, layout_rooms
D:4:      minmay_skewed_foursquare, layout_loops_corners,
          mainiacjoe_overflow_alcove_1, minmay_temple_entry_waves
D:5:      layout_basic, uniq_grinder
D:6:      layout_basic, portal_sewer_entry_e, uniq_menkaure, uniq_blork_the_orc,
          uniq_prince_ribbit1
D:7:      layout_cave_pods, grunt_decor_cap, dk_noncrumbling_4
D:8:      minmay_s_stair_smasher, layout_loops_corners, old_standard_altar,
          uniq_joseph, uniq_maggie
D:9:      layout_grid_maze, st_stairs_5, wad_floor_pattern_2,
          grunt_decor_resistance
D:10:     layout_basic
D:11:     layout_loops_corners, zombieorc1_lemuel, gauntlet_entry_generic
D:12:     layout_basic
D:13:     layout_long_grid, grunt_vaults_entry_tiered
D:14:     layout_roguey, good_gods_mini_temple
D:15:     grunt_enter_depths_snipers, layout_gridville,
          minmay_misc_feat_columns, chequers_serial_rivers_marsh
Temple:   nicolae_temple_bog_church
Lair:1:   layout_loops_ring, basic_altar, grunt_megastairs_3
Lair:2:   layout_chaotic_city
Lair:3:   layout_loops_ring, minmay_swamp_entry_reptiles,
          minmay_snake_entry_six_corridors, nicolae_quartered_pool_medium,
          minmay_holes, cheibrodos_lair_reptile_den
Lair:4:   dpeg_oklob_gauntlet, layout_long_grid, slime_entry_2, basic_altar,
          infiniplex_staircase_pool_2
Lair:5:   wormcave, layout_cave_pods, hangedman_lair_caniforms_friends,
          lemuel_fruit_tree, grunt_megastairs_4
Swamp:1:  layout_falls_marsh, nicolae_swamp_trees_clearing, uniq_mlioglotl
Swamp:2:  layout_basic_swamp, serial_swamp_ruin, evilmike_swamp_ruin_rubble_2,
          evilmike_swamp_ruin_house_2, hangedman_swamp_ruin_wall, swamp_pool1
Swamp:3:  layout_basic_swamp, hangedman_swamp_diagram, uniq_bai_suzhen
Swamp:4:  swamp_basic_johnstein, layout_basic_swamp, nicolae_swamp_godswood,
          swamp_pool2, nicolae_swamp_wisp_ring_woods
Snake:1:  layout_gridlike, serial_shops, shop_statue,
          nicolae_snake_herptile_family_reunion, minmay_shop_grove,
          grunt_megastairs_2, uniq_louise
Snake:2:  layout_honeycomb, gammafunk_ghost_necromancy,
          hangedman_corner_corridor, uniq_aizul
Snake:3:  hangedman_cross_veins, layout_layer_cave, ebering_ghost_gozag,
          grunt_ministairs_5
Snake:4:  johnstein_snake_rune_scales, layout_rooms, nrook_loot_triangle,
          minmay_shoptagon
Slime:1:  layout_caves
Slime:2:  layout_caves
Slime:3:  layout_caves
Slime:4:  layout_caves
Slime:5
Orc:1:    nicolae_orc_accident_1, layout_diamond_mine, minmay_orc_keep
Orc:2:    grunt_orc_gardens, layout_diamond_mine, grunt_orc_garden,
          grunt_orc_garden, grunt_orc_garden, grunt_orc_garden,
          portal_ice_cave_entry_pillars_1
Elf:1:    eino_elf_arrival_the_gate, layout_geoelf_octagon,
          ploomutoo_gammafunk_ghost_potion_laboratory, minivault_28
Elf:2:    nicolae_elf_blades_crystal_corner, layout_geoelf_octagon,
          gammafunk_ghost_door_vault, nicolae_elf_martial_mastery, uniq_roxanne
Elf:3:    minmay_elf_hall_dome, layout_geoelf_grid, serial_shops,
          nicolae_shop_statue_plus
Vaults:1: vaults_dpeg_spiral, v_misc_19, nicolae_vaults_network_quinsquares
          [nicolae_vaults_network_quincunx_subvault,
          nicolae_vaults_network_quincunx_subvault,
          nicolae_vaults_network_quincunx_subvault,
          nicolae_vaults_network_quincunx_subvault], vaults_room_fours,
          nicolae_vaults_yaktaur_gun_rack, v_misc_29, layout_vaults_omnigrid,
          serial_shops, nicolae_shop_temple_entry_statues_fountains,
          uniq_asterion
Vaults:2: hangedman_vaults_slice, st_octagons_1, v_misc_9, v_misc_5,
          ontoclasm_vaults_twist, vaults_room_octagon, v_pattern_4,
          nicolae_vaults_specimen_jars, nicolae_vaults_little_squares_2,
          hangedman_vaults_slither, grunt_vaults_focal,
          nicolae_vaults_shelves_hall, ontoclasm_vaults_chip, v_misc_13,
          vaults_room_stairs_pillars, layout_vaults_omnibox, serial_shops, shop,
          uniq_mennas
Vaults:3: ontoclasm_vaults_pinch, grunt_vaults_hallway_long,
          grunt_vaults_trifunnel, ontoclasm_vaults_gateway,
          minmay_crypt_entry_simple_box, minmay_guarded_unrand_secular_launcher,
          ontoclasm_vaults_misaligned, v_alt_pattern_6, v_misc_17,
          dpeg_vaults_monster_row, hangedman_vaults_nails,
          layout_vaults_big_room
Vaults:4: ebering_ghost_xom, v_misc_31, hangedman_vaults_pinch,
          ontoclasm_vaults_shuriken, gammafunk_sealed_arena,
          nicolae_vaults_network_quincunx
          [nicolae_vaults_network_quincunx_subvault,
          nicolae_vaults_network_quincunx_subvault,
          nicolae_vaults_network_quincunx_subvault,
          nicolae_vaults_network_quincunx_subvault,
          nicolae_vaults_network_quincunx_subvault],
          ontoclasm_vaults_ring_small, v_misc_10, nicolae_vaults_alarming,
          ontoclasm_vaults_tryst, nicolae_vaults_ninety_degrees, v_misc_25,
          layout_vaults_omnicross, serial_shops, shop
Vaults:5: uniq_xtahua
Crypt:1:  layout_rooms, minivault_26, grunt_crypt_arrival_webbed, uniq_zenata
Crypt:2:  cheibrodos_crypt_eye_of_stone, layout_basic, uniq_margery
Crypt:3:  quadcrypt_mu
Depths:1: nicolae_cairo_tiling_large, layout_twisted_cross,
          nicolae_trove_entry_crystal, grunt_hell_entry_dis_grunt,
          serial_co_window_serial, co_window_paths_a,
          co_window_of_opportunity_a, co_window_paths_b, co_window_corner_a,
          co_window_paths_b, co_window_of_opportunity_a, co_window_paths_b,
          co_window_corner_cb, co_window_corner_b, co_window_of_opportunity_b,
          co_window_paths_e, co_window_4corner_a, glass_columns_a,
          glass_columns_c, glass_columns_c, glass_columns_b,
          yredelemnul_forgotten_temple_becter
Depths:2: minmay_the_grid_triangle_9x9_recursive_3
          [minmay_the_grid_triangle_9x9_skeleton,
          minmay_the_grid_triangle_9x9_from_above,
          minmay_the_grid_triangle_9x9_zippers_vertical,
          minmay_the_grid_triangle_9x9_prize_center,
          minmay_the_grid_triangle_9x9_corrupted_corridor,
          minmay_the_grid_triangle_9x9_windchime,
          minmay_the_grid_triangle_9x9_impossible_snake,
          minmay_the_grid_triangle_9x9_odd_lines,
          minmay_the_grid_triangle_9x9_swiss_cheese], layout_gridlike,
          hell_entry, pan_entry, special_room [special_room_morgue],
          minmay_room_of_horrors, minmay_crystal_room, uniq_vv
Depths:3: nzn_winding_woodlands_stair_cross
          [nzn_winding_woodlands_5x15_longhouse,
          nzn_winding_woodlands_center_diamonds,
          nzn_winding_woodlands_5x15_pool, nzn_winding_woodlands_5x5_default,
          nzn_winding_woodlands_5x5_default,
          nzn_winding_woodlands_5x15_lazy_stream,
          nzn_winding_woodlands_center_lodge,
          nzn_winding_woodlands_5x15_default], layout_gridlike, abyss_entry,
          minmay_misc_feat_ornament, hell_entry, uniq_saint_roka
Depths:4: grunt_zot_entry_gee_three, layout_gridville, enter_ziggurat_a,
          grunt_mini_vestibule, rand_demon_pan_entry_8, grunt_ministairs_14,
          nicolae_wu_jian_wuxing_cycle, serial_bayou_shore_a
Zot:1:    layout_basic, st_stairs_4
Zot:2:    hellmonk_paralyzer, layout_onion_interference, st_stairs_10
Zot:3:    layout_onion_interference, grunt_ministairs_11,
          st_single_dragon_hoard_3, lemuel_baited_zot_trap, lemuel_elevator,
          uniq_josephina
Zot:4:    layout_twisted_circle, gammafunk_ghost_grave, grunt_ministairs_2
Zot:5:    layout_cellular_growth, grunt_megastairs_5

Skill      XL: |  1  2  3  4  5  6  7  8  9 10 11 12 13 14 15 16 17 18 19 20 21 22 23 24 25 26 27 |
---------------+----------------------------------------------------------------------------------+-----
Polearms       | 3 4 5 6 8 9 11 12 13 | 13.8
Shields        | 5 6 8 10 12 14 15 16 18 20 27 | 27.0
Fighting       | 4 5 6 7 9 10 11 12 13 14 15 16 17 18 19 20 23 | 23.2
Invocations    | 2 3 5 6 8 11 13 15 17 18 19 20 21 22 24 25 26 27 | 27.0
Armour         | 4 6 8 10 11 12 14 16 17 19 20 21 23 | 23.9
Dodging        | 4 6 7 10 | 10.0
Translocations | 3 14 | 14.0
Air Magic      | 2 5 |  5.0
Spellcasting   | 12 | 12.0
Transmutations | 12 | 12.5
Necromancy     | 12 | 12.1
Poison Magic   | 8 |  8.0
Hexes          | 6 |  6.0

Action                   |  1- 3 |  4- 6 |  7- 9 | 10-12 | 13-15 | 16-18 | 19-21 | 22-24 | 25-27 || total
-------------------------+-------+-------+-------+-------+-------+-------+-------+-------+-------++-------
Melee: Trident           |    62 |       |       |       |       |       |       |       |       ||    62
       Spear             |    12 |   108 |   204 |    26 |       |       |       |       |       ||   350
       Lance             |       |       |       |   398 |   817 |   776 |   820 |   763 |  3774 ||  7348
Throw: Dart              |       |       |       |     7 |     3 |     1 |       |       |       ||    11
       Throwing net      |       |       |       |       |       |     1 |       |     2 |       ||     3
       Javelin           |       |       |       |       |       |       |     1 |       |       ||     1
 Cast: Wereblood         |       |       |       |       |       |       |       |       |    12 ||    12
       Manifold Assault  |       |       |       |       |       |       |       |       |     7 ||     7
       Vhi's Electric Ch |       |       |       |       |       |       |       |       |     2 ||     2
       Lesser Beckoning  |       |       |       |       |       |       |       |       |     1 ||     1
Invok: Dark Bargain      |       |       |     1 |       |     3 |     8 |    16 |     5 |    54 ||    87
       Recall Undead Har |       |       |       |     4 |     7 |     7 |     8 |     9 |    37 ||    72
       Bind Soul         |       |       |       |     1 |     2 |       |     3 |       |    11 ||    17
       Drain Life        |       |       |       |       |       |     1 |       |       |    13 ||    14
 Abil: Dig               |     2 |       |       |     1 |     2 |     1 |     1 |     2 |     5 ||    14
       Shaft Self        |       |       |       |       |       |       |       |       |     1 ||     1
Evoke: Wand              |       |       |     2 |       |     8 |       |       |       |       ||    10
       Phantom mirror    |       |       |       |       |     1 |       |       |       |       ||     1
  Use: Scroll            |       |       |     9 |     3 |    10 |    10 |     8 |     2 |    20 ||    62
       Potion            |       |       |       |     2 |     3 |     6 |     3 |     3 |    32 ||    49
 Stab: Distracted        |       |     1 |       |     3 |     4 |    14 |    16 |     9 |    75 ||   122
       Invisible         |       |       |       |     1 |       |       |       |       |       ||     1
       Fleeing           |       |       |       |       |     2 |       |     4 |    11 |    21 ||    38
       Petrified         |       |       |       |       |     2 |       |       |       |       ||     2
       Paralysed         |       |       |       |       |     1 |       |       |     1 |     2 ||     4
       Confused          |       |       |       |       |       |       |     1 |       |       ||     1
       Held in net/web   |       |       |       |       |       |       |       |     1 |       ||     1
Armor: Scale mail        |    18 |    19 |    19 |       |       |       |       |       |       ||    56
       Plate armour      |       |       |    41 |    86 |   187 |    77 |       |       |       ||   391
       Crystal plate arm |       |       |       |       |       |   131 |   241 |   136 |   887 ||  1395
Dodge: Dodged            |    27 |    29 |    32 |    54 |   101 |    40 |    44 |    34 |   396 ||   757
Block: Buckler           |    14 |    17 |    21 |    49 |    20 |       |       |       |       ||   121
       Kite shield       |       |       |       |       |   167 |       |       |       |       ||   167
       Tower shield      |       |       |       |       |   157 |   523 |   563 |   350 |  2319 ||  3912
       Reflection        |       |       |       |       |       |    30 |    68 |     6 |    14 ||   118

Table legend: (Time is in decaauts)
 A = Elapsed time spent in this place.
 B = Non-inter-level travel time spent in this place.
 C = Inter-level travel time spent in this place.
 D = Time resting spent in this place.
 E = Time spent auto-exploring this place.
 F = Levels seen in this place.
 G = Mean time per level.
                   A        B        C        D        E       F      G
               +--------+--------+--------+--------+--------+-----+--------+
         Total |  68649 |  63377 |   5272 |   4739 |  44368 |  61 | 1125.4 |
       Dungeon |  14992 |  12757 |   2235 |    171 |  10209 |  15 |  999.5 |
        Temple |     13 |      8 |      5 |      0 |      0 |   1 |   13.0 |
          Lair |   7940 |   7141 |    799 |    319 |   5799 |   5 | 1588.0 |
         Swamp |   4366 |   4229 |    137 |     97 |   3520 |   4 | 1091.5 |
     Snake Pit |   6807 |   6432 |    375 |    114 |   5172 |   4 | 1701.8 |
    Slime Pits |   3307 |   3096 |    211 |   1414 |    610 |   5 |  661.4 |
  Orcish Mines |   1612 |   1444 |    168 |      7 |   1226 |   2 |  806.0 |
   Elven Halls |   4600 |   4387 |    213 |    441 |   2888 |   3 | 1533.3 |
        Vaults |   7241 |   6684 |    557 |    594 |   4194 |   5 | 1448.2 |
         Crypt |   2761 |   2644 |    117 |     25 |   1835 |   3 |  920.3 |
        Depths |   9187 |   8864 |    323 |   1045 |   6253 |   4 | 2296.8 |
           Zot |   3978 |   3851 |    127 |    433 |   2056 |   5 |  795.6 |
         Abyss |    672 |    672 |      0 |      2 |      0 |   3 |  224.0 |
      Ice Cave |    838 |    838 |      0 |     47 |    513 |   1 |  838.0 |
      Gauntlet |    329 |    329 |      0 |     30 |     90 |   1 |  329.0 |
               +--------+--------+--------+--------+--------+-----+--------+

Top non-repeatable levels by time:
Depths:2: 3288 daAuts
Depths:1: 2200 daAuts
Depths:3: 2111 daAuts
  Lair:5: 2063 daAuts
 Snake:3: 2032 daAuts
Vaults:4: 1996 daAuts
  Lair:3: 1851 daAuts
 Snake:1: 1783 daAuts
 Snake:4: 1681 daAuts
  Lair:4: 1631 daAuts
Depths:4: 1586 daAuts
 Swamp:4: 1577 daAuts
   Elf:2: 1574 daAuts
     D:8: 1547 daAuts
   Elf:3: 1541 daAuts
